PBL
PARIS CUBS @ SOUTHERN MARYLAND BLUE CRABS
10/04/2048
 
TOP OF THE 1ST
Paris Cubs batting - Pitching for Southern Maryland Blue Crabs : LHP Jeff Glover
Pitching: LHP Jeff Glover
Batting: LHB Daigo Ishii 0-0: Ball
1-0: Ball
2-0: Foul Ball, location: 2F
2-1: Foul Ball, location: 2F
2-2: Ball
3-2: Base on Balls
Batting: RHB Erik Smith 0-0: 2-RUN HOME RUN (Flyball, 78XD, EV 102.5 MPH), Distance : 426 ft
Batting: LHB Jeremy Rideout 0-0: Ball
1-0: Hit by Pitch
Batting: LHB David Mendez 0-0: Ball
1-0: Foul Ball, location: 2F
1-1: Ball
2-1: Fly out, F7 (Flyball, 7LS, EV 91.9 MPH)
Batting: RHB Jesus Resendez 0-0: Foul Ball, location: 2F
0-1: Ball
1-1: Reached on error, E6 (Groundball, 6, EV 90.0 MPH)
Jeremy Rideout to second
Batting: LHB Zach Martin 0-0: Called Strike
0-1: Ball
1-1: Fly out, F7 (Line Drive, 7LM, EV 104.4 MPH)
Batting: RHB Mike Snider 0-0: Swinging Strike
0-1: Called Strike
0-2: Strikes out swinging
Top of the 1st over - 2 runs, 1 hit, 1 error, 2 left on base; Paris 2 - Southern Maryland 0
BOTTOM OF THE 1ST
Southern Maryland Blue Crabs batting - Pitching for Paris Cubs : RHP Chris P. Shephard
Pitching: RHP Chris P. Shephard
Batting: RHB Oscar Chapa 0-0: Called Strike
0-1: Foul Ball, location: 2F
0-2: Ball
1-2: Strikes out looking
Batting: RHB Josh Ludwig 0-0: Fly out, F9 (Flyball, 9D, EV 100.6 MPH)
Batting: RHB Matt Wallace 0-0: SINGLE (Flyball, 8LS, EV 87.5 MPH)
Batting: RHB Pedro Luera 0-0: Reached on error, E4 (Groundball, 4, EV 83.8 MPH)
Matt Wallace to third
Batting: LHB Sam Hontz 0-0: Ball
1-0: SINGLE (Line Drive, 8RS, EV 90.0 MPH)
Matt Wallace scores
Pedro Luera to third
Runner from 3rd tries for Home, SAFE, throw by CF to home
Batting: RHB Hsui-chen Yang 0-0: Hit by Pitch
Sam Hontz to second
Batting: RHB Tyler Cohen 0-0: Ball
1-0: Foul Ball, location: 2F
1-1: Fly out, F8 (Flyball, 8LD, EV 94.4 MPH)
Bottom of the 1st over - 2 runs, 2 hits, 1 error, 2 left on base; Paris 2 - Southern Maryland 2
TOP OF THE 2ND
Paris Cubs batting - Pitching for Southern Maryland Blue Crabs : LHP Jeff Glover
Batting: RHB Willie Rubio 0-0: Foul Ball, location: 2F
0-1: Called Strike
0-2: Strikes out swinging
Batting: RHB Michihisa Tanaka 0-0: Ball
1-0: Ball
2-0: Fly out, F9 (Flyball, 9D, EV 86.2 MPH)
Batting: LHB Daigo Ishii 0-0: Ball
1-0: Ball
2-0: Foul Ball, location: 2F
2-1: SOLO HOME RUN (Flyball, 89XD, EV 105.0 MPH), Distance : 432 ft
Batting: RHB Erik Smith 0-0: Called Strike
0-1: Ball
1-1: Called Strike
1-2: Ball
2-2: Fly out, F9 (Flyball, 9S, EV 89.4 MPH)
Top of the 2nd over - 1 run, 1 hit, 0 errors, 0 left on base; Paris 3 - Southern Maryland 2
BOTTOM OF THE 2ND
Southern Maryland Blue Crabs batting - Pitching for Paris Cubs : RHP Chris P. Shephard
Batting: RHB Jeff Parlo 0-0: Ball
1-0: Ground out 4-3 (Groundball, 4, EV 94.4 MPH)
Batting: LHB Taylor Plummer 0-0: Called Strike
0-1: Ball
1-1: Foul Ball, location: 2F
1-2: Ball
2-2: SINGLE (Groundball, 6, EV 99.4 MPH)
Batting: RHB Oscar Chapa 0-0: Fly out, F9 (Flyball, 9, EV 90.0 MPH)
Batting: RHB Josh Ludwig 0-0: Swinging Strike
0-1: Ball
1-1: Swinging Strike
1-2: Foul Ball, location: 2F
1-2: Strikes out swinging
Bottom of the 2nd over - 0 runs, 1 hit, 0 errors, 1 left on base; Paris 3 - Southern Maryland 2
TOP OF THE 3RD
Paris Cubs batting - Pitching for Southern Maryland Blue Crabs : LHP Jeff Glover
Batting: LHB Jeremy Rideout 0-0: Ball
1-0: Fly out, F7 (Flyball, 7D, EV 97.5 MPH)
Batting: LHB David Mendez 0-0: Ball
1-0: Ball
2-0: Called Strike
2-1: Foul Ball, location: 2F
2-2: Ball
3-2: Base on Balls
Batting: RHB Jesus Resendez 0-0: Called Strike
0-1: Ball
1-1: Foul Ball, location: 2F
1-2: Ball
2-2: Ball
3-2: Strikes out swinging
Batting: LHB Zach Martin 0-0: Called Strike
0-1: Ball
1-1: Swinging Strike
1-2: Ball
2-2: Strikes out swinging
Top of the 3rd over - 0 runs, 0 hits, 0 errors, 1 left on base; Paris 3 - Southern Maryland 2
BOTTOM OF THE 3RD
Southern Maryland Blue Crabs batting - Pitching for Paris Cubs : RHP Chris P. Shephard
Batting: RHB Matt Wallace 0-0: Called Strike
0-1: Foul Ball, location: 2F
0-2: Ball
1-2: Ball
2-2: Strikes out swinging
Batting: RHB Pedro Luera 0-0: Called Strike
0-1: Ball
1-1: Ball
2-1: Foul Ball, location: 2F
2-2: Strikes out swinging
Batting: LHB Sam Hontz 0-0: SOLO HOME RUN (Flyball, 9LD, EV 93.1 MPH), Distance : 343 ft
Batting: RHB Hsui-chen Yang 0-0: Ball
1-0: Ball
2-0: Ball
3-0: Base on Balls
Batting: RHB Tyler Cohen 0-0: Foul Ball, location: 2F
0-1: Ball
1-1: Ball
2-1: Foul Ball, location: 2F
2-2: SINGLE (Groundball, 56D, EV 96.2 MPH)
Hsui-chen Yang to second
Hsui-chen Yang to third
Batting: RHB Jeff Parlo 0-0: Ball
1-0: Fielders Choice at 2nd, 6-4 (Groundball, 6, EV 87.5 MPH)
Bottom of the 3rd over - 1 run, 2 hits, 0 errors, 2 left on base; Paris 3 - Southern Maryland 3
TOP OF THE 4TH
Paris Cubs batting - Pitching for Southern Maryland Blue Crabs : LHP Jeff Glover
Batting: RHB Mike Snider 0-0: Called Strike
0-1: Swinging Strike
0-2: Ball
1-2: Strikes out swinging
Batting: RHB Willie Rubio 0-0: SINGLE (Groundball, 13S, EV 69.4 MPH) (infield hit)
Batting: RHB Michihisa Tanaka 0-0: Ball
1-0: Fly out, F7 (Flyball, 7LSF, EV 95.0 MPH)
Batting: LHB Daigo Ishii 0-0: Foul Ball, location: 2F
0-1: Called Strike
0-2: Ball
1-2: Ball
2-2: Ball
3-2: Fly out, F8 (Flyball, 8LXD, EV 85.0 MPH)
Top of the 4th over - 0 runs, 1 hit, 0 errors, 1 left on base; Paris 3 - Southern Maryland 3
BOTTOM OF THE 4TH
Southern Maryland Blue Crabs batting - Pitching for Paris Cubs : RHP Chris P. Shephard
Batting: LHB Taylor Plummer 0-0: Ball
1-0: Called Strike
1-1: Swinging Strike
1-2: Strikes out looking
Batting: RHB Oscar Chapa 0-0: Called Strike
0-1: Called Strike
0-2: Strikes out looking
Batting: RHB Josh Ludwig 0-0: Ball
1-0: Ball
2-0: Ball
3-0: Called Strike
3-1: SOLO HOME RUN (Flyball, 89XD, EV 105.0 MPH), Distance : 439 ft
Batting: RHB Matt Wallace 0-0: Ball
1-0: SINGLE (Groundball, 56D, EV 106.9 MPH)
Batting: RHB Pedro Luera 0-0: Ball
1-0: Foul Ball, location: 2F
1-1: Ball
Passed Ball!
Matt Wallace to second
2-1: Called Strike
Passed Ball!
Matt Wallace to third
2-2: Foul Ball, location: 2F
2-2: Ground out 5-3 (Groundball, 5, EV 84.4 MPH)
Bottom of the 4th over - 1 run, 2 hits, 0 errors, 1 left on base; Paris 3 - Southern Maryland 4
TOP OF THE 5TH
Paris Cubs batting - Pitching for Southern Maryland Blue Crabs : LHP Jeff Glover
Batting: RHB Erik Smith 0-0: Ground out 6-3 (Groundball, 6, EV 87.5 MPH)
Batting: LHB Jeremy Rideout 0-0: Swinging Strike
0-1: Ground out 6-3 (Groundball, 6, EV 80.6 MPH)
Batting: LHB David Mendez 0-0: Foul Ball, location: 2F
0-1: Ball
1-1: Fly out, F5 (Popup, 5F, EV 76.9 MPH)
Top of the 5th over - 0 runs, 0 hits, 0 errors, 0 left on base; Paris 3 - Southern Maryland 4
BOTTOM OF THE 5TH
Southern Maryland Blue Crabs batting - Pitching for Paris Cubs : RHP Chris P. Shephard
Pitching: LHP Mike Anderson
Batting: LHB Sam Hontz 0-0: Foul Ball, location: 2F
0-1: Swinging Strike
0-2: Strikes out looking
Batting: RHB Hsui-chen Yang 0-0: Called Strike
0-1: Ball
1-1: Swinging Strike
1-2: Strikes out swinging
Batting: RHB Tyler Cohen 0-0: Swinging Strike
0-1: SINGLE (Line Drive, 4D, EV 97.5 MPH)
Batting: RHB Jeff Parlo 0-0: Ball
Wild Pitch!
Tyler Cohen to second
1-0: Called Strike
1-1: Ball
2-1: Ball
3-1: Swinging Strike
3-2: Strikes out looking
Bottom of the 5th over - 0 runs, 1 hit, 0 errors, 1 left on base; Paris 3 - Southern Maryland 4
TOP OF THE 6TH
Paris Cubs batting - Pitching for Southern Maryland Blue Crabs : LHP Jeff Glover
Batting: RHB Jesus Resendez 0-0: Called Strike
0-1: Ground out 4-3 (Groundball, 4M, EV 96.9 MPH)
Batting: LHB Zach Martin 0-0: Called Strike
0-1: Foul Ball, location: 2F
0-2: Ball
1-2: Foul Ball, location: 2F
1-2: Ball
2-2: Strikes out swinging
Batting: RHB Mike Snider 0-0: Fly out, F7 (Flyball, 7LM, EV 88.8 MPH)
Top of the 6th over - 0 runs, 0 hits, 0 errors, 0 left on base; Paris 3 - Southern Maryland 4
BOTTOM OF THE 6TH
Southern Maryland Blue Crabs batting - Pitching for Paris Cubs : LHP Mike Anderson
Batting: LHB Taylor Plummer 0-0: Swinging Strike
0-1: Called Strike
0-2: Ball
1-2: SINGLE (Line Drive, 89S, EV 103.1 MPH)
Pitching: RHP Kichijo Robinson
Batting: RHB Oscar Chapa 0-0: Ball
1-0: Ball
2-0: Ball
3-0: Called Strike
3-1: Base on Balls
Taylor Plummer to second
Batting: RHB Josh Ludwig 0-0: Ball
1-0: Ball
2-0: Swinging Strike
2-1: Ball
Passed Ball!
Taylor Plummer to third
Oscar Chapa to second
3-1: 3-RUN HOME RUN (Flyball, 7D, EV 95.6 MPH), Distance : 395 ft
Batting: RHB Matt Wallace 0-0: Ball
1-0: Called Strike
1-1: Called Strike
1-2: Ball
2-2: Strikes out swinging
Batting: RHB Pedro Luera 0-0: Called Strike
0-1: Foul Ball, location: 2F
0-2: Strikes out looking
Pitching: RHP Tyler McCoy
Batting: LHB Sam Hontz 0-0: Foul Ball, location: 2F
0-1: Called Strike
0-2: Ball
1-2: Fly out, F8 (Flyball, 8LXD, EV 91.2 MPH)
Bottom of the 6th over - 3 runs, 2 hits, 0 errors, 0 left on base; Paris 3 - Southern Maryland 7
TOP OF THE 7TH
Paris Cubs batting - Pitching for Southern Maryland Blue Crabs : LHP Jeff Glover
Batting: RHB Willie Rubio 0-0: Called Strike
0-1: Swinging Strike
0-2: Ball
1-2: Ball
2-2: Foul Ball, location: 2F
2-2: Foul Ball, location: 2F
2-2: Strikes out swinging
Batting: RHB Michihisa Tanaka 0-0: Called Strike
0-1: Foul Ball, location: 2F
0-2: Foul Ball, location: 2F
0-2: Foul Ball, location: 2F
0-2: Strikes out swinging
Batting: LHB Daigo Ishii 0-0: Ball
1-0: Swinging Strike
1-1: Called Strike
1-2: Ball
2-2: Ball
3-2: Ground out 4-3 (Groundball, 4, EV 84.4 MPH)
Top of the 7th over - 0 runs, 0 hits, 0 errors, 0 left on base; Paris 3 - Southern Maryland 7
BOTTOM OF THE 7TH
Southern Maryland Blue Crabs batting - Pitching for Paris Cubs : RHP Tyler McCoy
Batting: RHB Hsui-chen Yang 0-0: Ball
1-0: Ball
2-0: Foul Ball, location: 2F
2-1: Ball
3-1: Swinging Strike
3-2: Foul Ball, location: 2F
3-2: Base on Balls
Batting: RHB Tyler Cohen 0-0: Foul Ball, location: 2F
0-1: Ball
1-1: Foul Ball, location: 2F
1-2: Foul Ball, location: 2F
1-2: Ground out 5-3 (Groundball, 56S, EV 68.1 MPH)
Hsui-chen Yang to second
Batting: RHB Jeff Parlo 0-0: Ball
1-0: Ball
2-0: DOUBLE (Line Drive, 7LS, EV 98.8 MPH)
Hsui-chen Yang scores
Pitching: RHP Justin Rodrigues
Batting: LHB Taylor Plummer 0-0: Foul Ball, location: 2F
0-1: Foul Ball, location: 2F
0-2: Strikes out swinging
Batting: RHB Oscar Chapa 0-0: Ground out U3 (Groundball, 34, EV 77.5 MPH)
Bottom of the 7th over - 1 run, 1 hit, 0 errors, 1 left on base; Paris 3 - Southern Maryland 8
TOP OF THE 8TH
Paris Cubs batting - Pitching for Southern Maryland Blue Crabs : LHP Jeff Glover
Pitching: RHP Paul Holder
Batting: RHB Erik Smith 0-0: Called Strike
0-1: Ball
1-1: Hit by Pitch
Batting: LHB Jeremy Rideout 0-0: Ball
1-0: Ball
2-0: Fielders Choice at 2nd, 4-6 (Groundball, 4, EV 86.9 MPH)
Batting: LHB David Mendez 0-0: Ball
1-0: Called Strike
1-1: Ball
2-1: Ball
Wild Pitch!
Jeremy Rideout to second
3-1: TRIPLE (Line Drive, 7D, EV 98.8 MPH)
Jeremy Rideout scores
Pinch Hitting: LHB Tyler Schuettler 0-0: Foul Ball, location: 2F
0-1: Swinging Strike
0-2: Strikes out swinging
Batting: LHB Zach Martin 0-0: Called Strike
0-1: Foul Ball, location: 2F
0-2: Ball
1-2: Ball
Wild Pitch!
David Mendez scores
2-2: Fly out, F9 (Flyball, 89D, EV 89.4 MPH)
Top of the 8th over - 2 runs, 1 hit, 0 errors, 0 left on base; Paris 5 - Southern Maryland 8
BOTTOM OF THE 8TH
Southern Maryland Blue Crabs batting - Pitching for Paris Cubs : RHP Justin Rodrigues
Now in RF: Bobby Marlatt
Batting: RHB Josh Ludwig 0-0: Fly out, F9 (Line Drive, 89M, EV 90.6 MPH)
Batting: RHB Matt Wallace 0-0: DOUBLE (Line Drive, 9LM, EV 101.2 MPH)
Batting: RHB Pedro Luera 0-0: Ball
1-0: Called Strike
1-1: Ball
2-1: Fly out, F8 (Flyball, 8RM, EV 88.8 MPH)
Batting: LHB Sam Hontz 0-0: Ball
1-0: Foul Ball, location: 2F
1-1: Ball
2-1: Ball
3-1: Foul Ball, location: 2F
3-2: Base on Balls
Batting: RHB Hsui-chen Yang 0-0: Ball
1-0: Ball
Wild Pitch!
Matt Wallace to third
Sam Hontz to second
2-0: Called Strike
2-1: Ball
3-1: Ground out 5-3 (Groundball, 15, EV 88.1 MPH)
Bottom of the 8th over - 0 runs, 1 hit, 0 errors, 2 left on base; Paris 5 - Southern Maryland 8
TOP OF THE 9TH
Paris Cubs batting - Pitching for Southern Maryland Blue Crabs : RHP Paul Holder
Pitching: RHP Kyung-won Kim
Batting: RHB Mike Snider 0-0: Ball
1-0: Foul Ball, location: 2F
1-1: Ground out 4-3 (Groundball, 34, EV 103.1 MPH)
Pinch Hitting: SHB Shiroku Waki 0-0: Ground out U3 (Groundball, 3, EV 95.6 MPH)
Pinch Hitting: RHB Juan Tarin 0-0: Called Strike
0-1: Ball
1-1: Swinging Strike
1-2: Foul Ball, location: 2F
1-2: Ball
2-2: SINGLE (Line Drive, 56D, EV 105.6 MPH)
Batting: LHB Daigo Ishii 0-0: Foul Ball, location: 2F
0-1: Ground out 6-3 (Groundball, 6S, EV 66.9 MPH)
Top of the 9th over - 0 runs, 1 hit, 0 errors, 1 left on base; Paris 5 - Southern Maryland 8
Tuesday, March 28th , 2023 - OOTP Baseball 23.10 Build 110